 Dungeon Crawl Stone Soup version 0.28-a0-1524-ge72afd5fc6 (webtiles) character file.

Game seed: 9971424515835577599

296 dave1331 the Chucker (level 6, -3/61 HPs)
             Began as a Troll Hunter on Jan 17, 2022.
             Slain by a white imp (4 damage)
             ... summoned by Eustachio
             ... on level 4 of the Dungeon.
             The game lasted 00:13:30 (1210 turns).

dave1331 the Chucker (Troll Hunter)                 Turns: 1210, Time: 00:13:31

Health: -3/61      AC: 11    Str: 21    XL:     6   Next: 12%
Magic:  5/5        EV: 10    Int:  7    God:
Gold:   60         SH:  0    Dex: 15    Spells: 5/5 levels left

rFire   . . .      SeeInvis .   l - +6 spear "Qorch" {protect, Dex+3}
rCold   . . .      Faith    .   (no shield)
rNeg    . . .      Spirit   .   b - +0 robe
rPois   .          Reflect  .   (helmet restricted)
rElec   .          Harm     .   (no cloak)
rCorr   .          Rampage  .   (gloves unavailable)
Will    .....                   (boots unavailable)
Stlth   ++........              (no amulet)
HPRegen 1.00/turn               (no ring)
MPRegen 0.09/turn               (no ring)

@: under a protective aura
A: large, unfitting armour, claws 3, regeneration 1, shaggy fur 1, tough skin 1
a: no special abilities


You were on level 4 of the Dungeon.
You visited 1 branch of the dungeon, and saw 4 of its levels.

You collected 60 gold pieces.

Inventory:

Hand Weapons
 a - a +0 short sword
 h - a +1 dagger of electrocution
 k - a +4 whip
 l - the +6 spear "Qorch" (weapon) {protect, Dex+3}
   (You found it on level 2 of the Dungeon)

   It grants its wielder temporary protection when it strikes (+7 to AC).
   Dex:       It affects your dexterity (+3).
Missiles
 c - 5 large rocks (quivered)
 d - 2 throwing nets
 i - 23 arrows
Armour
 b - a +0 robe (worn)
 f - a +0 robe
 j - a +0 ring mail
Jewellery
 e - a ring of positive energy
Wands
 n - a wand of iceblast (15)
Scrolls
 m - a scroll of noise {unknown}
Potions
 g - 2 potions of mutation {unknown}


   Skills:
 + Level 3.0 Fighting
 + Level 4.5 Throwing
 + Level 3.0 Dodging
 + Level 1.8 Stealth


You had 5 spell levels left.
You didn't know any spells.
Your spell library was empty.

Dungeon Overview and Level Annotations

Branches:
Dungeon (4/15)             Temple (0/1) D:4

Altars:

Annotations:
D:4 Eustachio


Innate Abilities, Weirdness & Mutations

You are too large for most types of armour.
You have claws for hands.
Your natural rate of healing is unusually fast.
You are covered in fur. (AC +1)
You have tough skin. (AC +1)


Message History

The quasit claws you but does no damage.
The quasit claws you.
Eustachio gestures wildly while chanting.
Eustachio blinks!
The bullfrog skeleton barely misses you.
The river rat bites you!
* * * LOW HITPOINT WARNING * * *
The white imp gestures at you.
The puff of frost hits you but does no damage.
The quasit bites you but does no damage.
The quasit closely misses you. The quasit claws you.
* * * LOW HITPOINT WARNING * * *
You hit the white imp.
The white imp is lightly wounded.
The bullfrog skeleton hits you.
* * * LOW HITPOINT WARNING * * *
Eustachio gestures wildly while chanting.
The ufetubus closely misses you.
The ufetubus hits you but does no damage.
The river rat closely misses you.
The quasit bites you but does no damage.
The quasit claws you.
* * * LOW HITPOINT WARNING * * *
The quasit misses you. The white imp hits you.
* * * LOW HITPOINT WARNING * * *
The white imp freezes you.
* * * LOW HITPOINT WARNING * * *
The bullfrog skeleton hits you but does no damage.
You hit the white imp.
The white imp is heavily wounded.
The ufetubus hits you but does no damage. x2
The quasit bites you but does no damage.
The quasit closely misses you.
The quasit claws you but does no damage.
The river rat bites you but does no damage.
The white imp shouts, "Leave, thou warped crook-pated bugbear!"
The white imp hits you.
* * * LOW HITPOINT WARNING * * *
The white imp freezes you.
You die...

#.#.⌠.⌠.#######†####
#>+..>..'...........
#.#.⌠.⌠.############
#.#.....#...........
#.###+########...###
#.#.# #...##. #.#.#
#...##.
#####.#r####.#
######.
#.....5@Z@rb.# ##
#.....55###.... ##
#.......... . #.
#.......###.. #.
#.......# #.
#.......# #.
#.......# #.
######### ##


You could see Eustachio, a quasit (summoned), a river rat (summoned), a white
imp (summoned), an ufetubus (summoned), a bat (summoned), a rat (summoned) and a
bullfrog skeleton.

Vanquished Creatures
  Grinder (D:3)
  A jelly (D:4)
  5 adders
  An adder skeleton (D:4)
  A dart slug (D:1)
  An orc (D:3)
  3 endoplasms
  5 giant cockroaches
  4 goblins
  2 hobgoblins
  2 quokkas
  4 ball pythons
  2 bats (D:1)
  A frilled lizard (D:3)
  5 kobolds
38 creatures vanquished.

Notes
Turn   | Place    | Note
-------+----------+-------------------------------------------
     0 | D:1      | dave1331 the Troll Hunter began the quest for the Orb.
     0 | D:1      | Reached XP level 1. HP: 19/19 MP: 0/0
   142 | D:1      | Reached XP level 2. HP: 28/28 MP: 1/1
   245 | D:1      | Found a faded altar of an unknown god.
   449 | D:2      | Reached XP level 3. HP: 35/35 MP: 2/2
   491 | D:2      | Identified the +6 spear "Qorch" {protect, Dex+3}
   505 | D:2      | Reached skill level 1 in Stealth
   754 | D:3      | Noticed Grinder
   776 | D:3      | Reached skill level 4 in Throwing
   776 | D:3      | Paralysed by Grinder for 6 turns
   791 | D:3      | Killed Grinder
   792 | D:3      | Reached XP level 4. HP: 38/44 MP: 3/3
   792 | D:3      | Reached XP level 5. HP: 45/52 MP: 4/4
  1069 | D:4      | Reached XP level 6. HP: 53/59 MP: 5/5
  1139 | D:4      | Found a staircase to the Ecumenical Temple.
  1167 | D:4      | Noticed Eustachio
  1209 | D:4      | HP: 1/61 [white imp[Eustachio] (4)]
  1210 | D:4      | Slain by a white imp

Illustrated notes

Levels and vault maps discovered:
D:1:      grunt_arrival_crossed_arrows, layout_basic,
          chequers_ecumenical_altar_simple, serial_park_tiny_2
D:2:      layout_basic, minmay_misc_feat_plants, minmay_hedge_maze
D:3:      layout_loops_corners, minmay_misc_feat_pillars, grunt_ministairs_14,
          kennysheep_small_spiral, uniq_grinder
D:4:      minmay_chambers_of_twos, layout_basic,
          grunt_temple_overflow_gold_and_silver, mainiacjoe_overflow_catwalk,
          minmay_temple_entry_hall, uniq_eustachio

Skill      XL: |  1  2  3  4  5  6 |
---------------+-------------------+-----
Fighting       | 2 3 |  3.0
Dodging        | 2 3 |  3.0
Stealth        | 1 |  1.8
Throwing       | 4 |  4.5

Action                   |  1- 3 |  4- 6 || total
-------------------------+-------+-------++-------
Melee: Short sword       |    63 |       ||    63
       Spear             |    19 |    74 ||    93
       Dagger            |     4 |       ||     4
 Stab: Sleeping          |     1 |     1 ||     2
Armor: Robe              |    36 |   110 ||   146
Dodge: Dodged            |    55 |   109 ||   164

Table legend: (Time is in decaauts)
 A = Elapsed time spent in this place.
 B = Non-inter-level travel time spent in this place.
 C = Inter-level travel time spent in this place.
 D = Time resting spent in this place.
 E = Time spent auto-exploring this place.
 F = Levels seen in this place.
 G = Mean time per level.
                   A        B        C        D        E       F      G
               +--------+--------+--------+--------+--------+-----+--------+
         Total |   1222 |    442 |    780 |      0 |      0 |   4 |  305.5 |
       Dungeon |   1222 |    442 |    780 |      0 |      0 |   4 |  305.5 |
               +--------+--------+--------+--------+--------+-----+--------+

Top non-repeatable levels by time:
     D:2: 421 daAuts
     D:3: 308 daAuts
     D:1: 278 daAuts
     D:4: 214 daAuts
